Map: Old Estate

Players

Ashkaari

  • Race: Protoss Protoss
  • Spawn Location: 9:00

BowmanHuor

  • Race: Zerg Zerg
  • Spawn Location: 7:00

Kenks

  • Race: Terran Terran
  • Spawn Location: 7:00

Cademic

  • Race: Protoss Protoss
  • Spawn Location: 7:00

Maelthor - Winner!

  • Race: Terran Terran
  • Spawn Location: 3:00

Erfeyah - Winner!

  • Race: Protoss Protoss
  • Spawn Location: 1:00

Iluvatar - Winner!

  • Race: Terran Terran
  • Spawn Location: 3:00

athabstract - Winner!

  • Race: Protoss Protoss
  • Spawn Location: 1:00

VOD

Have the link to the VOD?

Description

Time

  • Played on: Nov. 19, 2017, 2:31 p.m.
  • Length: 15:15
Show
View Real Time Build Order
Export as new Build Order

Ashkaari Protoss 

Build Orders: Oracle Opening 

Get SALT Encoding   

  12  0:01  Probe (Chrono Boost)  
  13  0:11  Probe (Chrono Boost)  
  14  0:18  Pylon  
  14  0:21  Probe  
  15  0:39  Gateway  
  15  0:42  Probe  
  16  0:54  Probe (Chrono Boost)  
  17  1:03  Assimilator  
  17  1:06  Probe (Chrono Boost)  
  18  1:14  Probe (Chrono Boost)  
  19  1:21  Probe  
  20  1:28  Cybernetics Core  
  20  1:33  Probe  
  21  1:45  Probe  
  22  1:57  Probe, Assimilator  
  23  2:04  Pylon  
  22  2:09  Probe (Chrono Boost)  
  24  2:25  Probe (Chrono Boost)  
  24  2:31  Probe  
  24  2:33  Nexus  
  24  2:35  Assimilator  
  25  2:37  Stargate  
  25  2:40  Assimilator  
  25  2:46  Probe  
  25  2:49  Warp Gate  
  26  2:55  Pylon  
  26  2:58  Probe  
  27  3:00  Adept  
  29  3:10  Probe (Chrono Boost)  
  31  3:22  Probe (Chrono Boost)  
  31  3:24  Probe  
  32  3:29  Oracle (Chrono Boost)  
  35  3:36  Probe  
  36  3:45  Gateway x2  
  36  3:48  Probe  
  36  3:52  Pylon  
  37  4:00  Probe  
  41  4:05  Oracle (Chrono Boost)  
  41  4:11  Probe  
  41  4:12  Probe  
  43  4:23  Probe  
  44  4:35  Probe  
  45  4:43  Oracle (Chrono Boost)  
  48  4:47  Probe (Chrono Boost)  
  49  4:53  Pylon  
  49  4:56  Forge  
  49  4:59  Probe (Chrono Boost)  
  50  5:06  Probe x2 (Chrono Boost)  
  52  5:11  Stalker  
  52  5:12  Stalker  
  56  5:14  Probe  
  52  5:26  Probe  
  52  5:56  Probe (Chrono Boost)  
  53  6:02  Pylon  
  54  6:07  Probe (Chrono Boost), Pylon  
  54  6:10  Probe (Chrono Boost), Twilight Council  
  55  6:15  Robotics Facility  
  55  6:17  Pylon  
  55  6:20  Probe (Chrono Boost)  
  57  6:32  Probe x2 (Chrono Boost)  
  58  6:34  Probe  
  50  7:12  Blink (Chrono Boost)  
  50  7:13  Observer  
  51  7:20  Gateway  
  51  7:21  Gateway  
  51  7:23  Gateway  
  51  7:24  Gateway  
  51  7:37  Protoss Ground Weapons Level 1  
  51  7:49  Probe (Chrono Boost)  
  52  7:53  Probe (Chrono Boost)  
  55  8:05  Probe (Chrono Boost)  
  55  8:08  Probe x2 (Chrono Boost)  
  55  8:12  Probe  
  57  8:20  Probe  
  58  8:41  Gateway  
  58  8:42  Gateway  
  58  8:44  Gateway  
  58  8:47  Gateway  
  58  8:55  Gateway  
  28  9:15  Probe (Chrono Boost)  
  30  9:26  Probe (Chrono Boost)  
  30  9:29  Probe  
  31  9:46  Probe (Chrono Boost)  
  31  9:50  Charge (Chrono Boost)  
  33  9:56  Probe (Chrono Boost)  
  33  10:00  Probe  
  34  10:12  Probe  
  35  11:12  Pylon  
  33  11:19  Gateway  
  33  11:20  Gateway  
  33  11:25  Pylon  
  33  11:39  Zealot x2  
  37  11:40  Zealot x5  
  37  11:41  Zealot x3  
  37  11:42  Zealot  
  54  12:04  Stalker x5  
  54  12:05  Stalker x4  
  54  12:06  Stalker  
  74  12:18  Stalker x2  
  68  13:09  Stalker x4  
  68  13:10  Stalker x5  
  68  13:11  Stalker x3  
  36  13:34  Zealot x3  
  36  13:35  Zealot x5  
  36  13:36  Zealot x4  
  32  14:09  Stalker x2  
  36  14:10  Stalker x3  
  36  14:11  Stalker x2  
  32  15:03  Zealot x2  
  32  15:04  Zealot x5  
Show
View Real Time Build Order
Export as new Build Order

BowmanHuor Zerg 

Build Orders: Pool First 

Get SALT Encoding   

  12  0:01  Drone  
  13  0:08  Drone  
  14  0:23  Overlord  
  14  0:33  Drone, Extractor  
  14  0:47  Drone x3  
  17  0:55  Spawning Pool  
  16  1:02  Drone  
  17  1:11  Drone  
  18  1:30  Hatchery  
  18  1:31  Drone  
  18  1:41  Metabolic Boost  
  18  1:44  Zergling x2  
  19  1:52  Zergling x2  
  20  1:55  Zergling x2  
  21  2:05  Drone  
  22  2:16  Overlord  
  22  2:24  Roach Warren  
  21  2:34  Queen  
  21  2:36  Drone  
  24  2:38  Zergling x2  
  25  2:49  Overlord  
  25  3:04  Extractor  
  24  3:06  Roach  
  24  3:07  Drone x3  
  29  3:56  Roach x3  
  29  3:58  Lair  
  29  4:00  Pneumatized Carapace  
  29  4:01  Drone x3  
  38  4:19  Roach  
  40  4:26  Drone x2  
  42  4:31  Extractor  
  41  5:11  Roach  
  41  5:12  Overlord x2  
  41  5:13  Overlord x2  
  43  5:27  Drone  
  44  5:53  Drone  
  44  5:54  Drone x2  
  47  6:00  Hydralisk Den, Ravager x3  
  47  6:01  Ravager  
  50  6:28  Drone x3  
  50  6:32  Drone x2  
  55  6:33  Drone  
  55  6:38  Overseer  
  56  6:53  Drone x2  
  58  6:55  Extractor  
  58  6:58  Hydralisk x2  
  61  7:06  Spire  
  60  7:13  Infestation Pit  
  60  7:14  Drone  
  60  7:15  Drone x3  
  63  7:17  Overlord x2  
  63  7:26  Drone  
  64  7:32  Glial Reconstitution  
  64  7:35  Muscular Augments  
  64  7:36  Hydralisk x2  
  68  8:00  Hydralisk x3  
  74  8:10  Hatchery  
  74  8:12  Hive  
  73  8:13  Hydralisk  
  73  8:14  Hydralisk  
  77  8:43  Ravager  
  77  8:44  Ravager  
  79  8:53  Evolution Chamber  
  79  8:54  Zerg Flyer Weapons Level 1  
  75  9:50  Corruptor x3  
  81  9:57  Mutalisk  
  81  9:58  Mutalisk x2  
  87  10:19  Corruptor x3  
  93  10:46  Overseer  
  93  10:54  Greater Spire  
  93  11:35  Hatchery  
  92  11:42  Zerg Melee Weapons Level 1  
  92  11:52  Lair  
  92  11:56  Mutalisk x2  
  92  11:57  Mutalisk  
  98  12:02  Overlord  
  98  12:39  Overseer  
  70  13:18  Drone x3  
  73  13:20  Queen  
  75  13:27  Brood Lord  
  75  13:28  Brood Lord x5  
  87  13:34  Drone  
  84  14:13  Drone x3  
  73  14:50  Zergling x4  
  73  14:51  Zergling x8  
Show
View Real Time Build Order
Export as new Build Order

Kenks Terran 

Build Orders:  

Get SALT Encoding   

  12  0:16  Supply Depot  
  12  0:18  SCV  
  13  0:30  SCV  
  14  0:43  SCV  
  15  0:55  SCV  
  16  1:07  SCV  
  16  1:09  Barracks  
  17  1:17  Supply Depot  
  17  1:19  SCV  
  17  1:21  Refinery  
  17  1:24  Refinery  
  18  1:31  SCV  
  19  1:43  SCV  
  20  1:51  Supply Depot  
  20  2:01  Marine, Supply Depot  
  21  2:19  Marine  
  22  2:24  Supply Depot  
  22  2:37  Marine  
  22  2:42  Supply Depot  
  23  2:52  Supply Depot  
  23  2:54  Marine  
  24  3:05  Supply Depot  
  24  3:12  Marine  
  24  3:18  Factory  
  25  3:27  Supply Depot  
  25  3:30  Marine  
  26  3:48  Marine  
  27  4:02  Supply Depot  
  27  4:03  Factory  
  27  4:06  Marine  
  28  4:13  Factory Tech Lab  
  28  4:23  Marine  
  29  4:38  SCV  
  30  4:41  Marine  
  30  4:45  Command Center  
  31  4:50  SCV, Armory  
  32  4:59  Marine  
  33  5:02  SCV  
  35  5:14  SCV  
  26  5:31  Factory Tech Lab  
  26  5:33  Marine  
  27  5:44  SCV  
  28  5:51  Marine  
  28  5:56  SCV  
  30  5:58  SCV  
  30  6:03  Refinery  
  31  6:08  SCV  
  31  6:09  Marine  
  31  6:10  SCV  
  34  6:12  Refinery  
  34  6:13  Thor x2  
  46  6:20  SCV  
  46  6:22  SCV  
  48  6:27  Marine  
  49  6:32  SCV  
  49  6:34  SCV  
  51  6:45  SCV, Marine  
  51  6:46  SCV  
  54  6:47  Command Center  
  54  6:57  SCV  
  54  6:58  SCV  
  56  7:09  Thor  
  56  7:11  SCV  
  63  7:23  SCV  
  64  7:35  SCV  
  65  7:47  SCV  
  66  7:59  SCV  
  66  8:02  Thor x2  
  79  8:11  SCV  
  80  8:15  SCV  
  81  8:21  Refinery  
  81  8:23  Refinery  
  81  8:27  SCV  
  81  8:28  SCV  
  81  8:33  SCV  
  84  8:40  SCV x2  
  86  8:44  Thor  
  86  8:45  Thor, SCV  
  99  8:52  SCV x2  
  101  8:57  SCV  
  102  9:04  SCV  
  102  9:05  SCV  
  102  9:09  SCV  
  106  9:17  SCV  
  106  9:27  Thor x2  
  115  10:10  Thor  
  121  10:56  Thor  
  105  11:50  Supply Depot  
  105  12:11  Thor x2  
  105  12:13  Supply Depot  
  117  12:35  Supply Depot  
  117  12:41  Supply Depot  
  117  12:54  Thor  
  117  12:57  Thor  
  129  13:06  Supply Depot  
  56  13:58  Thor x2  
  68  14:25  Supply Depot  
Show
View Real Time Build Order
Export as new Build Order

Cademic Protoss 

Build Orders: Oracle Opening 

Get SALT Encoding   

  12  0:01  Probe  
  13  0:14  Pylon  
  13  0:18  Probe  
  14  0:32  Gateway  
  14  0:38  Assimilator  
  14  0:41  Probe (Chrono Boost)  
  16  0:51  Probe (Chrono Boost)  
  16  0:55  Probe  
  17  1:10  Probe  
  18  1:22  Cybernetics Core  
  18  1:27  Assimilator  
  18  1:46  Probe  
  19  1:51  Nexus  
  19  2:03  Stargate  
  19  2:07  Pylon  
  19  2:30  Probe  
  20  2:45  Oracle (Chrono Boost)  
  24  3:02  Probe x2 (Chrono Boost)  
  27  3:14  Probe x2 (Chrono Boost)  
  27  3:17  Probe  
  28  3:36  Assimilator  
  28  3:37  Probe  
  29  3:42  Nexus, Assimilator  
  29  3:49  Probe  
  29  3:50  Probe  
  31  4:01  Probe  
  32  4:13  Probe  
  33  4:26  Probe  
  34  4:43  Forge  
  34  4:44  Void Ray (Chrono Boost)  
  38  4:54  Probe  
  38  4:58  Probe  
  40  5:06  Probe  
  41  5:09  Robotics Facility  
  41  5:11  Probe  
  42  5:42  Probe (Chrono Boost)  
  45  5:50  Void Ray (Chrono Boost)  
  45  5:53  Probe x2 (Chrono Boost)  
  45  5:56  Probe  
  50  5:57  Observer  
  50  5:58  Probe  
  52  6:14  Pylon  
  52  6:19  Probe  
  52  6:22  Assimilator  
  52  6:23  Void Ray  
  57  6:27  Assimilator  
  57  6:29  Pylon  
  57  6:32  Probe  
  58  6:44  Probe  
  59  6:57  Void Ray  
  59  7:03  Forge  
  59  7:06  Stargate  
  64  7:15  Probe (Chrono Boost)  
  64  7:17  Probe (Chrono Boost)  
  65  7:29  Probe (Chrono Boost)  
  67  7:32  Probe x2 (Chrono Boost)  
  68  7:37  Probe, Pylon  
  68  7:38  Pylon  
  68  7:42  Stargate  
  68  7:43  Probe, Stargate  
  70  8:06  Fleet Beacon  
  67  8:48  Void Ray x2  
  75  8:56  Probe  
  75  8:58  Carrier x2  
  75  9:00  Graviton Catapult  
  88  9:08  Probe  
  81  9:55  Mothership (Chrono Boost)  
  88  10:09  Pylon x2  
  88  10:14  Pylon  
  88  10:15  Pylon  
  88  10:17  Stargate  
  88  10:19  Stargate  
  88  10:26  Carrier x2 (Chrono Boost)  
  88  10:27  Carrier (Chrono Boost)  
  106  10:31  Carrier (Chrono Boost)  
  113  10:49  Probe (Chrono Boost)  
  113  10:56  Protoss Air Weapons Level 1 (Chrono Boost)  
  113  11:01  Carrier (Chrono Boost)  
  113  11:02  Carrier (Chrono Boost)  
  125  11:42  Pylon  
  125  11:43  Pylon  
  125  11:44  Pylon  
  125  11:45  Pylon  
  125  11:47  Pylon  
  125  11:49  Pylon  
  125  12:00  Carrier x2  
  125  12:01  Observer  
  138  12:04  Carrier x2  
  150  12:17  Carrier  
  150  12:18  Carrier  
  162  12:40  Protoss Air Armor Level 1  
  142  13:26  Carrier x2  
  153  13:30  Carrier x2  
  88  13:48  Void Ray  
  88  13:49  Void Ray  
  104  14:31  Void Ray  
Show
View Real Time Build Order
Export as new Build Order

Maelthor Terran - Winner!

Build Orders: Liberator Opening, MMM Bio 

Get SALT Encoding   

  12  0:00  SCV  
  13  0:13  SCV  
  14  0:21  Supply Depot  
  14  0:26  SCV  
  15  0:42  SCV  
  16  0:44  Barracks  
  16  0:46  Refinery  
  16  0:52  Refinery  
  16  0:55  SCV  
  17  1:08  SCV  
  19  1:31  Orbital Command  
  18  1:33  Marine  
  19  1:42  Factory  
  19  1:50  Supply Depot  
  19  1:51  Marine  
  20  1:59  SCV  
  21  2:08  Marine  
  21  2:11  SCV  
  23  2:28  SCV  
  23  2:34  Factory Reactor  
  23  2:35  Starport  
  23  2:40  SCV  
  23  2:42  Marine  
  25  2:52  SCV  
  26  3:00  Command Center  
  26  3:04  SCV  
  27  3:07  Liberator  
  27  3:17  SCV  
  31  3:43  Engineering Bay  
  31  3:45  Factory Tech Lab  
  31  3:50  Supply Depot  
  31  3:54  Liberator  
  31  4:05  Barracks  
  31  4:10  Missile Turret  
  31  4:11  Marine  
  31  4:12  SCV  
  31  4:14  Orbital Command  
  37  4:24  SCV  
  37  4:29  Liberator  
  36  4:33  Missile Turret  
  35  4:41  SCV x2  
  40  4:53  SCV x2  
  42  5:05  SCV, Missile Turret  
  43  5:10  Marine  
  43  5:13  Barracks Tech Lab  
  44  5:16  SCV, Barracks  
  44  5:18  SCV  
  46  5:28  SCV  
  48  5:40  Medivac x2  
  48  5:41  Marine x2  
  48  5:42  SCV  
  54  5:48  Missile Turret x2  
  54  5:52  Missile Turret  
  54  5:55  Missile Turret  
  54  6:01  SCV x2  
  54  6:03  Supply Depot  
  56  6:06  Barracks Reactor  
  56  6:11  Stimpack  
  56  6:13  SCV x2, Barracks Reactor, Terran Infantry Weapons Level 1  
  60  6:25  SCV x2  
  60  6:38  SCV x2  
  62  6:49  Command Center  
  62  6:50  SCV  
  62  6:51  SCV  
  62  6:53  Missile Turret  
  64  6:55  Marine  
  64  6:56  Marine x3, Marauder  
  64  6:57  Missile Turret  
  70  7:02  Supply Depot  
  70  7:04  Supply Depot  
  70  7:17  Refinery  
  70  7:18  Barracks x2  
  70  7:20  Refinery  
  70  7:24  SCV  
  70  7:25  Supply Depot  
  70  7:28  Supply Depot  
  71  7:31  Marine x2  
  71  7:32  Marine x2, Marauder  
  77  7:42  Engineering Bay  
  77  7:48  Supply Depot  
  77  7:49  Armory  
  77  7:54  Supply Depot  
  78  7:58  SCV x2  
  78  8:01  Orbital Command  
  78  8:05  Missile Turret  
  79  8:10  SCV x2, Medivac x2  
  79  8:11  Marine x2, Marauder  
  79  8:12  Barracks Reactor  
  89  8:22  SCV  
  89  8:23  SCV  
  91  8:27  SCV, Missile Turret  
  91  8:30  Marine  
  91  8:31  Marine x3  
  91  8:32  Barracks Reactor, Marauder  
  98  8:34  SCV  
  98  8:35  SCV  
  98  8:40  Terran Infantry Weapons Level 2  
  98  8:41  Terran Infantry Armor Level 1  
  100  8:45  Medivac x2  
  104  9:07  Marine x6, Marauder  
  112  9:10  SCV x2  
  112  9:11  SCV  
  115  9:24  Marine  
  110  9:45  Marine x5, Marauder  
  101  9:46  Marine x2  
  101  9:47  Medivac x2  
  109  10:00  Marine  
  109  10:01  SCV x3  
  109  10:03  Marine  
  109  10:06  Marine x6  
  122  10:07  Marauder  
  122  10:08  Combat Shields  
  122  10:13  SCV, Supply Depot  
  123  10:14  Supply Depot  
  123  10:15  Supply Depot, Terran Vehicle And Ship Armor Level 1  
  123  10:17  Supply Depot, Marine  
  123  10:21  Marine  
  125  10:24  Marine x3  
  130  10:28  Marauder  
  130  10:29  Barracks  
  130  10:32  Marine  
  130  10:33  Marine x2  
  130  10:34  Barracks  
  133  10:35  Marine  
  133  10:37  Terran Infantry Armor Level 2  
  136  10:50  Marauder  
  136  10:54  Marine x3  
  136  10:55  Marine x5  
  146  11:11  Marauder  
  146  11:12  Marine x5  
  146  11:13  Marine x2  
  153  11:22  Marine  
  153  11:23  SCV x2  
  158  11:27  Supply Depot  
  158  11:28  Supply Depot  
  158  11:29  Supply Depot  
  158  11:31  Barracks Tech Lab, Supply Depot x2, Barracks Reactor  
  158  11:32  Marauder  
  158  11:34  Terran Infantry Weapons Level 3  
  159  11:40  SCV x2  
  159  11:41  SCV  
  161  11:54  Marauder  
  155  11:57  Marine x2, Marauder  
  155  11:58  Marine x5  
  164  12:03  Marine  
  165  12:09  Refinery  
  165  12:13  Refinery  
  165  12:15  Marine x2, Marauder  
  167  12:19  Marauder  
  171  12:29  Barracks  
  171  12:34  Barracks  
  171  12:37  Barracks, Marauder  
  173  12:40  Marauder  
  175  12:58  Marauder  
  177  13:02  Marauder  
  162  13:14  Marine x2  
  162  13:19  Marauder  
  163  13:21  Marine x7  
  163  13:22  Marine  
  163  13:23  Marauder  
  163  13:24  Medivac x2  
  168  13:27  Barracks Tech Lab x2  
  168  13:28  Barracks Tech Lab  
  149  13:41  Marauder  
  130  13:42  Marine x5  
  130  13:43  Marine x5  
  130  13:44  Marauder  
  134  14:00  Marine x4  
  134  14:02  Marauder  
  140  14:05  Marine x6, Marauder x3  
  140  14:06  Marauder  
  154  14:18  Marine x4  
  154  14:22  Marine  
  154  14:23  Marine, Marauder  
  162  14:26  Marauder x3  
  162  14:27  Marauder  
  158  14:37  Command Center  
  155  14:44  Marine x5  
  155  14:45  Marine x5, Marauder  
  167  14:47  Marine, Marauder  
Show
View Real Time Build Order
Export as new Build Order

Erfeyah Protoss - Winner!

Build Orders:  

Get SALT Encoding   

  12  0:13  Probe (Chrono Boost)  
  13  0:15  Probe  
  14  0:25  Pylon  
  14  0:47  Gateway  
  14  0:49  Gateway  
  14  1:02  Assimilator  
  14  1:15  Probe (Chrono Boost)  
  16  1:28  Probe (Chrono Boost)  
  16  1:32  Probe (Chrono Boost)  
  17  1:52  Zealot x2  
  21  2:19  Zealot  
  23  2:33  Pylon  
  23  2:35  Pylon  
  23  2:40  Gateway  
  27  2:51  Zealot x2  
  27  3:01  Pylon  
  27  3:06  Pylon  
  27  3:18  Zealot x2  
  31  3:45  Zealot x2  
  31  3:48  Nexus  
  35  3:59  Assimilator  
  35  4:14  Cybernetics Core  
  23  4:39  Probe  
  24  4:51  Probe  
  25  4:57  Warp Gate (Chrono Boost)  
  25  4:58  Probe  
  25  5:04  Probe  
  27  5:15  Probe  
  27  5:19  Stalker  
  27  5:20  Stalker  
  32  5:28  Probe  
  33  5:35  Probe  
  34  5:40  Probe  
  35  5:47  Probe  
  36  5:55  Stalker  
  38  6:37  Pylon  
  38  6:40  Pylon  
  38  6:43  Pylon  
  38  6:51  Stalker  
  40  6:57  Probe  
  41  7:24  Gateway  
  41  7:33  Cybernetics Core  
  41  7:59  Pylon  
  42  8:07  Probe (Chrono Boost)  
  42  8:12  Probe (Chrono Boost)  
  40  8:23  Probe  
  41  8:32  Stalker  
  43  8:40  Probe  
  44  8:45  Probe  
  45  8:57  Probe  
  46  9:09  Probe (Chrono Boost)  
  47  9:21  Probe (Chrono Boost)  
  48  9:26  Zealot  
  48  9:27  Probe (Chrono Boost)  
  51  9:33  Probe  
  52  9:46  Probe  
  53  10:14  Stalker  
  53  10:15  Stalker x2  
  59  10:39  Pylon  
  59  10:42  Pylon  
  59  10:48  Gateway  
  59  10:51  Gateway  
  59  10:54  Gateway  
  59  10:55  Probe  
  60  11:07  Probe  
  61  11:14  Stalker x2  
  61  11:16  Stalker  
  67  11:19  Probe  
  68  11:36  Probe  
  69  11:48  Probe  
  70  12:00  Probe  
  70  12:01  Stalker x5  
  81  12:34  Pylon  
  81  12:35  Pylon  
  81  13:05  Gateway  
  81  13:07  Gateway  
  81  13:09  Gateway  
  81  13:10  Gateway  
Show
View Real Time Build Order
Export as new Build Order

Iluvatar Terran - Winner!

Build Orders: MMM Bio 

Get SALT Encoding   

  12  0:01  SCV  
  13  0:13  SCV  
  14  0:31  Supply Depot  
  14  0:32  SCV  
  15  0:52  SCV  
  15  0:54  Barracks  
  16  1:04  SCV  
  16  1:06  Barracks  
  17  1:11  Barracks  
  17  1:22  SCV  
  18  1:42  SCV  
  18  1:46  Marine  
  20  1:50  Refinery  
  20  1:54  Marine  
  20  2:00  Supply Depot  
  21  2:06  Marine  
  21  2:07  Marine  
  23  2:10  Orbital Command  
  23  2:16  Refinery  
  23  2:22  Marine  
  24  2:24  Supply Depot  
  24  2:26  Marine x2  
  26  2:36  SCV  
  27  2:42  Marine  
  28  2:45  Barracks Tech Lab  
  28  2:46  Barracks Tech Lab  
  28  2:51  SCV  
  29  2:59  Marine  
  29  3:04  SCV, Marine  
  32  3:08  Stimpack  
  32  3:15  Marine  
  32  3:16  SCV  
  32  3:17  Marine  
  35  3:22  Combat Shields  
  35  3:26  Marine  
  36  3:28  SCV  
  36  3:34  Marine  
  37  3:40  SCV  
  39  3:43  Barracks Reactor  
  39  3:55  Command Center  
  39  4:07  Supply Depot  
  39  4:10  Supply Depot  
  39  4:17  Supply Depot  
  39  4:28  Marine  
  40  4:52  Marine x2  
  42  4:53  Marine x2  
  42  4:54  SCV  
  45  5:02  Supply Depot  
  45  5:06  SCV  
  46  5:07  SCV  
  46  5:10  Marine x3  
  46  5:11  Marine  
  46  5:12  Factory  
  46  5:14  Factory  
  51  5:18  SCV, Engineering Bay  
  51  5:20  SCV  
  53  5:28  Marine  
  54  5:48  Missile Turret  
  54  5:54  Missile Turret  
  54  6:00  SCV x2, Missile Turret  
  56  6:08  Missile Turret  
  56  6:09  Missile Turret  
  56  6:12  SCV  
  57  6:21  Marine x2  
  57  6:22  Marine x2  
  61  6:28  Factory Tech Lab x2  
  61  6:33  SCV  
  61  6:34  SCV  
  61  6:35  Armory  
  61  6:39  Marine  
  64  6:45  SCV  
  64  6:46  SCV  
  66  6:49  Refinery  
  63  7:12  Missile Turret x2  
  63  7:15  Marine  
  63  7:16  Marine x2  
  63  7:17  Missile Turret  
  63  7:20  Hellion x2  
  70  7:23  SCV x2  
  72  7:36  Marine x2  
  74  7:41  Thor  
  80  7:48  Starport  
  80  7:52  Refinery  
  80  7:58  Marine x2  
  80  7:59  Marine  
  80  8:03  SCV x2  
  85  8:33  Marine  
  86  8:39  Marine x3  
  86  8:41  Supply Depot  
  89  8:43  Supply Depot  
  89  8:44  SCV x2, Command Center  
  91  8:48  Terran Infantry Weapons Level 1  
  91  8:50  Marine  
  91  8:52  Engineering Bay  
  92  8:56  SCV  
  92  9:01  SCV  
  94  9:04  Marine x2  
  94  9:06  Starport Reactor  
  94  9:08  SCV  
  97  9:13  SCV  
  98  9:17  Thor  
  98  9:20  SCV, Marine  
  98  9:22  Marine  
  107  9:25  SCV  
  107  9:31  Supply Depot  
  108  9:36  Supply Depot  
  108  9:41  SCV  
  108  9:44  Orbital Command  
  109  9:52  Medivac x2  
  113  9:53  SCV  
  114  10:08  SCV x2  
  114  10:09  SCV  
  117  10:20  SCV  
  118  10:23  Medivac x2  
  118  10:26  Thor  
  118  10:28  Marine x3  
  131  10:38  Supply Depot  
  131  10:40  Planetary Fortress  
  131  10:41  Supply Depot  
  131  10:42  SCV  
  132  10:43  Supply Depot  
  132  10:47  Refinery  
  132  10:48  SCV  
  133  10:51  Terran Infantry Armor Level 1  
  133  10:53  Medivac x2  
  133  10:55  Terran Infantry Weapons Level 2  
  133  10:56  SCV  
  138  11:11  Barracks  
  138  11:14  Barracks  
  138  11:22  Barracks  
  138  11:32  Marine x2  
  138  11:34  Thor x2  
  152  11:41  Marine x2  
  154  11:49  Terran Vehicle Weapons Level 1  
  154  11:50  Marine x2  
  156  11:59  Marine x2  
  158  12:02  Marine x2  
  158  12:08  Marine x2  
  160  12:10  Marine  
  163  12:15  Medivac x2  
  163  12:16  Marine  
  163  12:17  Marine  
  163  12:19  Marine  
  163  12:20  Marine  
  171  12:26  Marine  
  172  12:34  Thor  
  172  12:35  Thor, Marauder  
  172  12:36  Marauder  
  188  12:41  Supply Depot  
  188  12:43  Supply Depot  
  188  12:47  Refinery  
  186  12:58  Command Center  
  186  13:05  Supply Depot  
  181  13:19  Medivac x2  
  118  13:45  Marine x6  
  118  13:46  Marine  
  118  13:47  Thor x2  
  137  14:03  Marine x5  
  142  14:10  Marine x2  
  144  14:20  Marine  
Show
View Real Time Build Order
Export as new Build Order

athabstract Protoss - Winner!

Build Orders:  

Get SALT Encoding   

  12  0:01  Probe  
  13  0:13  Probe (Chrono Boost)  
  14  0:26  Probe (Chrono Boost)  
  14  0:27  Pylon  
  15  0:35  Assimilator  
  15  0:45  Probe  
  16  0:57  Gateway, Probe  
  17  1:09  Probe  
  18  1:22  Probe  
  19  1:31  Assimilator  
  19  1:34  Probe  
  19  1:38  Pylon  
  20  1:48  Zealot  
  20  1:51  Probe  
  23  2:14  Probe  
  24  2:16  Zealot  
  26  2:26  Probe  
  27  2:40  Cybernetics Core  
  27  2:43  Gateway  
  29  2:44  Zealot  
  29  2:45  Gateway  
  29  2:58  Nexus  
  29  3:00  Pylon  
  29  3:04  Probe  
  30  3:17  Probe (Chrono Boost)  
  30  3:18  Warp Gate  
  31  3:20  Stalker  
  33  3:29  Probe (Chrono Boost)  
  33  3:33  Assimilator  
  34  3:37  Stalker, Assimilator  
  36  3:44  Stalker  
  38  4:05  Robotics Facility  
  38  4:10  Forge  
  38  4:18  Pylon  
  38  4:41  Probe x2  
  40  4:53  Probe x2  
  40  4:56  Stalker x2  
  40  4:57  Stalker  
  48  5:05  Probe x2  
  50  5:10  Robotics Bay  
  50  5:18  Protoss Ground Weapons Level 1  
  50  5:22  Observer  
  51  5:31  Probe x2  
  53  5:43  Probe  
  53  5:44  Probe, Observer  
  56  5:58  Stargate x2  
  56  6:00  Stargate, Stalker  
  56  6:01  Stalker x2  
  62  6:25  Pylon  
  62  6:28  Nexus  
  62  6:32  Assimilator  
  62  6:36  Assimilator  
  62  6:39  Probe  
  62  6:43  Probe  
  59  6:51  Probe  
  59  6:55  Probe  
  60  7:03  Probe, Void Ray  
  60  7:07  Probe, Void Ray  
  70  7:29  Pylon  
  70  7:37  Pylon  
  70  7:40  Pylon  
  70  7:42  Probe (Chrono Boost)  
  73  7:48  Probe x3 (Chrono Boost)  
  73  7:50  Void Ray  
  73  7:51  Void Ray  
  82  7:52  Probe  
  82  7:54  Probe  
  82  7:56  Protoss Air Weapons Level 1 (Chrono Boost)  
  84  8:06  Probe  
  77  8:45  Void Ray  
  77  8:46  Void Ray x2  
  89  8:54  Probe  
  90  9:06  Probe  
  91  9:14  Stalker x3  
  97  9:18  Probe (Chrono Boost)  
  98  9:28  Void Ray  
  98  9:30  Probe (Chrono Boost)  
  103  9:32  Void Ray  
  103  9:33  Probe (Chrono Boost)  
  108  9:41  Protoss Air Armor Level 1  
  108  9:54  Pylon  
  108  10:02  Pylon  
  108  10:04  Pylon  
  108  10:12  Void Ray  
  112  10:24  Void Ray  
  116  10:31  Probe (Chrono Boost)  
  118  10:42  Probe (Chrono Boost)  
  118  10:47  Probe (Chrono Boost)  
  119  10:55  Void Ray  
  124  10:59  Probe (Chrono Boost)  
  124  11:01  Probe  
  125  11:07  Pylon  
  125  11:08  Pylon  
  125  11:10  Pylon  
  125  11:13  Pylon  
  125  11:14  Probe (Chrono Boost)  
  125  11:15  Pylon  
  128  11:26  Probe x2 (Chrono Boost)  
  128  11:32  Probe x2 (Chrono Boost)  
  130  11:34  Void Ray  
  130  11:35  Probe  
  135  11:47  Stalker x3  
  141  12:06  Void Ray  
  141  12:07  Void Ray  
  149  12:33  Probe  
  150  12:38  Gateway  
  150  12:40  Gateway  
  150  12:41  Void Ray  
  150  12:43  Gateway  
  154  12:49  Void Ray  
  158  12:55  Protoss Ground Armor Level 1  
  158  13:04  Pylon  
  158  13:05  Pylon  
  158  13:07  Pylon  
  122  13:57  Void Ray  
  122  13:58  Void Ray x2  
Tags
 
Add a new tag
Caveats
  • Supply blocks, unpowered buildings, or Contaminate may cause inaccurate times.
  • Supply counts are checked every 10 seconds.